 Dungeon Crawl Stone Soup version 0.24-a0-201-gf205589 (webtiles) character file.

Game seed: 615675651764280301

407 Borgoz the Cutter (level 7, 0/46 HPs)
             Began as a Halfling Fighter on Mar 24, 2019.
             Killed from afar by Natasha (5 damage)
             ... with a magic dart
             ... on level 3 of the Dungeon.
             The game lasted 00:06:51 (3912 turns).

Borgoz the Cutter (Halfling Fighter)                Turns: 3912, Time: 00:06:51

Health: 0/46       AC:  9    Str: 17    XL:     7   Next: 12%
Magic:  7/7        EV: 11    Int:  8    God:
Gold:   198        SH: 10    Dex: 14    Spells: 6/6 levels left

rFire    + . .     SeeInvis +   p - -2 dagger (curse)
rCold    + . .     Gourm    .   c - +0 shield
rNeg     . . .     Faith    .   n - +0 scale mail
rPois    .         Spirit   .   r - +0 helmet
rElec    .         Reflect  .   l - scarf {rC+ rF+}
rCorr    .         Harm     .   t - +0 pair of gloves
MR       .....                  (no boots)
Stlth    ..........             (no amulet)
HPRegen  0.15/turn              m - ring of see invisible
MPRegen  0.10/turn              j - ring of wizardry

@: no status effects
A: small, mutation resistance 1
a: no special abilities


You were on level 3 of the Dungeon.
You were very hungry.

You visited 1 branch of the dungeon, and saw 3 of its levels.

You collected 198 gold pieces.

Inventory:

Hand Weapons
 a - a +0 rapier
 b - a +0 hunting sling
 h - a +0 dagger of venom
 p - a cursed -2 dagger (weapon)
Missiles
 o - 125 stones (quivered)
Armour
 c - a +0 shield (worn)
 l - a scarf of resistance (worn)
 n - a +0 scale mail (worn)
 r - a +0 helmet (worn)
 t - a +0 pair of gloves (worn)
Jewellery
 j - a ring of wizardry (right hand)
 m - a ring of see invisible (left hand)
Scrolls
 e - a scroll of immolation {unknown}
 g - a scroll of amnesia
 i - 4 scrolls of teleportation
 q - a scroll of remove curse {unknown}
Comestibles
 f - 2 rations


   Skills:
 + Level 3.4 Fighting
 * Level 4.4 Short Blades
 + Level 2.2(2.8) Slings
 + Level 1.6(2.0) Throwing
 + Level 4.3 Armour
 * Level 3.5 Dodging
 + Level 4.0 Shields


You had 6 spell levels left.
You didn't know any spells.
Your spell library was empty.

Dungeon Overview and Level Annotations

Branches:
Dungeon (3/15)

Altars:

Annotations:
D:3 Natasha


Innate Abilities, Weirdness & Mutations

You are small and have problems with some larger weapons.
You are somewhat resistant to further mutation.


Message History

Natasha is almost dead.
The shadow imp disappears in a puff of smoke!
Natasha claws you.
* * * LOW HITPOINT WARNING * * *
You block the shadow imp's attack.
Unknown command.
You hit Natasha but do no damage.
Natasha is almost dead.
Natasha claws you but does no damage. You block the shadow imp's attack.
You hit Natasha but do no damage.
Natasha is almost dead.
Natasha claws you.
* * * LOW HITPOINT WARNING * * *
The shadow imp closely misses you.
Unknown command.
You hit Natasha but do no damage.
Natasha is almost dead.
Natasha stares at you and mumbles some strange words.
The magic dart hits you.
You die...

....#.# #.)...# #.# #.# ......#
#.....# #.# #.# ....#.# #.....#
#.# #.# ....#.# #.....####'##
#.###### ....#.# #..........>#
#.#..... ....#.# #..........<#
#....... ....#.# #...........#
#...#### #####.######.....####'##
#.### ................@+....# #.#
.####.######...5h###### #.#
'#.................## #.#
...#................# #.#
...#########.....#..# #.#
...##......#.[...#..######.######
...##.##.....#.#.#..##...#.#.....
...##.##....##.#.#..#....'.#.####
'#....##............#....###.#...


You could see Natasha and a shadow imp.

Vanquished Creatures
  Grinder (D:3)
  Natasha (twice) (D:3)
  A worker ant (D:3)
  Robin (D:2)
  6 adders
  2 worms (D:2)
  A leopard gecko (D:1)
  An orc (D:3)
  3 bats (D:1)
  4 giant cockroaches
  21 goblins
  11 hobgoblins
  A quokka (D:2)
  A ball python (D:2)
  A frilled lizard (D:1)
  6 kobolds
  6 rats
69 creatures vanquished.

Notes
Turn   | Place    | Note
-------+----------+-------------------------------------------
     0 | D:1      | Borgoz the Halfling Fighter began the quest for the Orb.
     0 | D:1      | Reached XP level 1. HP: 15/15 MP: 1/1
   152 | D:1      | Reached XP level 2. HP: 19/20 MP: 2/2
   326 | D:1      | Reached skill level 1 in Dodging
   746 | D:2      | Reached XP level 3. HP: 24/25 MP: 3/3
  1021 | D:2      | Reached XP level 4. HP: 30/30 MP: 4/4
  1114 | D:2      | Noticed Robin
  1162 | D:2      | Killed Robin
  1680 | D:2      | Reached XP level 5. HP: 34/36 MP: 5/5
  2443 | D:3      | Noticed Grinder
  2463 | D:3      | Paralysed by Grinder for 7 turns
  2479 | D:3      | Killed Grinder
  2479 | D:3      | Reached skill level 1 in Throwing
  2479 | D:3      | Reached XP level 6. HP: 9/42 MP: 6/6
  3306 | D:3      | Noticed Natasha
  3335 | D:3      | Killed Natasha
  3377 | D:3      | Noticed Natasha
  3418 | D:3      | Killed Natasha
  3418 | D:3      | Reached XP level 7. HP: 19/46 MP: 7/7
  3877 | D:3      | Noticed Natasha
  3912 | D:3      | Killed from afar by Natasha

Levels and vault maps discovered:
D:1:      tarquinn_simple_flora_water_a, layout_basic, minivault_14
D:2:      cheibrodos_greedy_goblins, layout_basic, minmay_misc_feat_plants,
          uniq_robin
D:3:      layout_basic, cheibrodos_gnoll_hut, uniq_grinder, uniq_natasha

Skill      XL: |  1  2  3  4  5 |
---------------+----------------+-----
Dodging        | 1 2 3 |  3.5
Short Blades   | 3 4 |  4.4
Fighting       | 3 |  3.4
Slings         | 2 |  2.2
Throwing       | 1 |  1.6
Armour         | 4 |  4.3
Shields        | 4 |  4.0

Action                   |  1- 3 |  4- 6 |  7- 9 || total
-------------------------+-------+-------+-------++-------
Melee: Rapier            |    92 |    53 |       ||   145
       Dagger            |       |   387 |    67 ||   454
 Fire: Hunting sling     |       |     3 |       ||     3
  Use: Scroll            |       |     9 |       ||     9
       Potion            |       |     7 |     1 ||     8
  Eat: Chunk             |       |     5 |     1 ||     6
       Ration            |       |     1 |       ||     1
Armor: Scale mail        |    29 |   129 |    16 ||   174
Dodge: Dodged            |    33 |   146 |    23 ||   202
Block: Shield            |    41 |   186 |    35 ||   262

Table legend:
 A = Non-vault XP
 B = Vault XP
 C = Vault XP percentage of total XP
 D = Non-vault monster count
 E = Vault monster count
 F = Vault count percentage of total count
                 A         B        C        D         E       F
            +---------+---------+-------+---------+---------+-------
      Total |     214 |     368 |  63.2 |      46 |      23 |  33.3
            +---------+---------+-------+---------+---------+-------
        D:1 |      20 |       0 |   0.0 |      13 |       0 |   0.0
        D:2 |      88 |      53 |  37.6 |      21 |      21 |  50.0
        D:3 |     106 |     315 |  74.8 |      12 |       2 |  14.3
            +---------+---------+-------+---------+---------+-------
